 Dungeon Crawl Stone Soup version 0.30.1-4-g462c640d31 (webtiles) character file.

Game seed: 17575785697467552430

399 booth the Ruffian (level 6, 0/50 HPs)
             Began as a Draconian Transmuter on Aug 17, 2023.
             Succumbed to a water moccasin's poison
             ... on level 5 of the Dungeon.
             The game lasted 00:22:43 (3128 turns).

booth the Ruffian (Draconian Transmuter)            Turns: 3128, Time: 00:22:44

Health: 0/50       AC:  8    Str: 15    XL:     6   Next: 53%
Magic:  6/10       EV: 13    Int: 13    God:
Gold:   228        SH:  0    Dex: 14    Spells: 4/10 levels left

rFire   + .          .
                       - Unarmed
rCold   + + .        (no shield)
rNeg    . . .        (body armour unavailable)
rPois   .            (helmet currently unavailable)
rElec   .            r - +0 cloak
rCorr   .            d - +0 pair of gloves
SInv    .            h - melded +0 pair of boots
Will    .....        e - amulet of guardian spirit
Stlth   +            u - ring "Dimotel" {*Corrode rF+ rC++ Dex+3}
HPRegen 0.28/turn    (no ring)
MPRegen 0.12/turn

%: corrode self (3%), guardian spirit
@: lethally poisoned (0 -> -19), appendages (expiring)
A: horns 2, talons 2, AC +6, unfitting armour, cold-blooded
a: End Transformation


You were on level 5 of the Dungeon.
You had temporarily grown beastly horns and talons.
You visited 1 branch of the dungeon, and saw 5 of its levels.

You collected 228 gold pieces.

Inventory:

Hand Weapons
 f - a +0 short sword of draining
 s - a +0 hammer
Missiles
 g - 3 boomerangs (quivered)
 x - a throwing net
 z - 7 poisoned darts
Armour
 d - a +0 pair of gloves (worn)
 h - a +0 pair of boots (melded)
 r - a +0 cloak (worn)
Jewellery
 b - an amulet of reflection
 e - an amulet of guardian spirit (around neck)
 o - an amulet of regeneration
 u - the ring "Dimotel" (left hand) {*Corrode rF+ rC++ Dex+3}
   (You found it on level 3 of the Dungeon)

   [ring of protection from fire]

   Dex:       It affects your dexterity (+3).
   rF:        It protects you from fire.
   rC:        It greatly protects you from cold.
   *Corrode:  It may corrode you when you take damage.
Scrolls
 c - 2 scrolls of magic mapping
 q - a scroll of summoning
 t - a scroll of teleportation {unknown}
 v - a scroll of enchant weapon {unknown}
 w - a scroll of immolation {unknown}
 y - 2 scrolls of fog
Potions
 a - 3 potions of lignification
 i - a potion of cancellation {unknown}
 j - a potion of flight
 k - a potion of invisibility
 l - a potion of resistance
 m - a potion of attraction {unknown}
 n - 2 potions of curing
 p - a potion of might {unknown}


   Skills:
 + Level 2.9 Fighting
 + Level 2.9 Dodging
 * Level 4.4 Unarmed Combat
 + Level 2.9 Spellcasting
 * Level 4.0 Transmutations
 + Level 1.1 Ice Magic


You had 4 spell levels left.
You knew the following spells:

 Your Spells              Type           Power      Damage    Failure   Level
a - Beastly Appendage     Tmut           24%        N/A       4%          1
b - Wereblood             Tmut           12%        N/A       7%          2
c - Spider Form           Tmut/Pois      7%         N/A       30%         3

Your spell library contained the following spells:

 Spells                   Type           Power      Damage    Failure   Level
 Ozocubu's Armour         Ice            4%         N/A       41%         3
 Ice Form                 Ice/Tmut       8%         N/A       63%         4
 Metabolic Englaciation   Hex/Ice        1%         N/A       99%         5
 Simulacrum               Ice/Necr       1%         N/A       100%        6


Dungeon Overview and Level Annotations

Branches:
Dungeon (5/15)
 Temple: D:4-7

Altars:
Vehumet
Wu Jian

Annotations:
D:4 2 transporters


Innate Abilities, Weirdness & Mutations

You have temporarily grown beastly horns and talons.
Your plain brown scales are hard. (AC +6)
You cannot fit into any form of body armour.
You are cold-blooded and may be slowed by cold attacks.


Message History

The water moccasin closely misses you. The water moccasin bites you.
You are poisoned.
The water moccasin poisons you!
Your magical contamination has completely faded away.
You hit the water moccasin. Your kick misses the water moccasin.
Your headbutt misses the water moccasin.
You tail-slap the water moccasin, but do no damage.
The water moccasin is heavily wounded.
You feel very sick. The water moccasin misses you.
You closely miss the water moccasin. Your kick misses the water moccasin.
The water moccasin is heavily wounded.
You feel very sick. The water moccasin bites you.
You are more poisoned.
The water moccasin poisons you!
The water moccasin bites you but does no damage.
You closely miss the water moccasin. Your kick misses the water moccasin.
You headbutt the water moccasin.
The water moccasin is severely wounded.
Your transformation is almost over.
You feel very sick. The water moccasin bites you.
You closely miss the water moccasin. Your kick misses the water moccasin.
Your tail-slap misses the water moccasin.
You punch the water moccasin.
The water moccasin is almost dead.
You feel very sick. The water moccasin bites you.
You are more poisoned.
The water moccasin poisons you!
You hit the water moccasin.
You kill the water moccasin!
* * * LOW HITPOINT WARNING * * *
You feel extremely sick.
Your Transmutations skill increases to level 4!
Your Ice Magic skill increases to level 1!
* * * LOW HITPOINT WARNING * * *
You feel very sick.
You die...

# .### ..#
###.# #@#.##
#.#..####.##
#...........
#.##<...###.
#.........#
######....#
.>#.# #.....
....#


There were no monsters in sight!

Vanquished Creatures
  A water moccasin (D:5)
  2 hounds (D:4)
  Crazy Yiuf (D:2)
  An iguana (D:4)
  An orc wizard (D:4)
  4 gnolls (D:3)
  2 adders
  A white imp (D:3)
  An ufetubus (D:3)
  3 worms (D:3)
  A dart slug (D:1)
  2 orcs (D:4)
  7 ball pythons
  2 bats
  5 endoplasms
  3 giant cockroaches
  10 goblins
  4 hobgoblins
  8 quokkas
  4 frilled lizards
  9 kobolds
  4 rats
76 creatures vanquished.

Notes
Turn   | Place    | Note
-------+----------+-------------------------------------------
     0 | D:1      | booth the Draconian Transmuter began the quest for the Orb.
     0 | D:1      | Reached XP level 1. HP: 16/16 MP: 3/3
   151 | D:1      | Reached XP level 2. HP: 22/23 MP: 0/5
   154 | D:1      | Learned a level 2 spell: Wereblood
   389 | D:1      | Found a faded altar of an unknown god.
  1154 | D:2      | Reached XP level 3. HP: 29/29 MP: 4/6
  1207 | D:2      | Found a runed translucent door.
  1208 | D:2      | Noticed Crazy Yiuf
  1663 | D:2      | Killed Crazy Yiuf
  1757 | D:3      | Reached XP level 4. HP: 36/36 MP: 7/7
  1787 | D:3      | Learned a level 3 spell: Spider Form
  1964 | D:3      | Found Ohonisen's Armour Shop.
  1965 | D:3      | Identified the ring "Dimotel" {*Corrode rF+ rC++ Dex+3}
  2142 | D:3      | Reached XP level 5. HP: 19/41 MP: 2/8
  2695 | D:4      | Noticed an orc warrior
  2731 | D:4      | Found a radiant altar of Vehumet.
  2732 | D:4      | Found an ornate altar of the Wu Jian Council.
  2916 | D:4      | Reached XP level 6. HP: 47/50 MP: 6/10
  2960 | D:4      | Found a transporter.
  2974 | D:4      | Found a transporter.
  3111 | D:5      | Entered Level 5 of the Dungeon
  3111 | D:5      | Noticed a water moccasin
  3126 | D:5      | Killed a water moccasin
  3127 | D:5      | Reached skill level 1 in Ice Magic
  3128 | D:5      | Succumbed to a water moccasin's poison

Illustrated notes

Levels and vault maps discovered:
D:1:      lightli_arrival_statuegarden, layout_basic,
          shapermc_ecumenical_altar_acropolis, minmay_tetromino_t4
D:2:      layout_loops_ring, uniq_crazy_yiuf_cottage
D:3:      layout_rooms, serial_shops, shop
D:4:      gammafunk_steamed_eel, layout_rooms, grunt_temple_overflow_open,
          chequers_serial_rivers_micro_e, lightli_corner_chamber
D:5:      layout_basic, kennysheep_mini, serial_shops, shop,
          kennysheep_cross_room

Skill      XL: |  1  2  3  4  5  6 |
---------------+-------------------+-----
Dodging        | 2 |  2.9
Fighting       | 2 |  2.9
Transmutations | 3 4 |  4.0
Unarmed Combat | 4 |  4.4
Ice Magic      | 1 |  1.1
Spellcasting   | |  2.9

Action                     |  1- 3 |  4- 6 || total
---------------------------+-------+-------++-------
  Melee: Unarmed           |   116 |   143 ||   259
         Headbutt          |     9 |    13 ||    22
         Kick              |    20 |    25 ||    45
         Tailslap          |     6 |    20 ||    26
         Punch             |     1 |     3 ||     4
   Cast: Beastly Appendage |    16 |    19 ||    35
         Wereblood         |       |     2 ||     2
    Use: Scroll            |     4 |     2 ||     6
         Potion            |     2 |     2 ||     4
   Stab: Sleeping          |       |     1 ||     1
 Armour: Skin              |    36 |    40 ||    76
  Dodge: Dodged            |    76 |    65 ||   141
  Block: Other             |     4 |       ||     4
